 Dungeon Crawl Stone Soup version 0.27-a0-1149-g4505690ab0 (webtiles) character file.

Game seed: 12667284827484584372

89 chippings the Slasher (level 4, -3/35 HPs)
             Began as a Mummy Gladiator on May 12, 2021.
             Was an Initiate of Ru.
             Slain by a gnoll
             ... wielding a +0 spear
              (8 damage)
             ... on level 2 of the Dungeon.
             The game lasted 00:02:49 (2105 turns).

chippings the Slasher (Mummy Gladiator)             Turns: 2105, Time: 00:02:49

Health: -3/35      AC:  6    Str: 17    XL:     4   Next: 31%
Magic:  4/4        EV: 11    Int:  7    God:    Ru [......]
Gold:   47         SH:  0    Dex: 14    Spells: 3/3 levels left

rFire    x . .     SeeInvis .   a - +0 long sword
rCold    + . .     Faith    .   (no shield)
rNeg     + + +     Spirit   .   h - +0 ring mail
rPois    ∞         Reflect  .   c - +0 helmet
rElec    .         Harm     .   (no cloak)
rCorr    .         Rampage  .   (no gloves)
Will     .....                  (no boots)
Stlth    +.........             (no amulet)
HPRegen  0.11/turn              (no ring)
MPRegen  0.09/turn              (no ring)

@: no status effects
A: cold resistance 1, negative energy resistance 3, torment resistance 2, heat
vulnerability 1, no potions
a: Renounce Religion


You were on level 2 of the Dungeon.
You worshipped Ru.
Ru was noncommittal.
You visited 1 branch of the dungeon, and saw 2 of its levels.

You collected 47 gold pieces.

Inventory:

Hand Weapons
 a - a +0 long sword (weapon)
Missiles
 d - 3 throwing nets
 f - 7 poisoned darts (quivered)
Armour
 c - a +0 helmet (worn)
 h - a +0 ring mail (worn)


   Skills:
 + Level 3.0 Fighting
 * Level 3.8 Long Blades
 - Level 1.5 Throwing
 - Level 2.4 Dodging


You had 3 spell levels left.
You didn't know any spells.
Your spell library was empty.

Dungeon Overview and Level Annotations

Branches:
Dungeon (2/15)

Altars:
Ru

Shops:
D:1 (


Innate Abilities, Weirdness & Mutations

You are immune to poison.
Your flesh is cold resistant. (rC+)
You are immune to negative energy. (rN+++)
You are immune to unholy pain and torment.
You are vulnerable to heat. (rF-)
You do not drink.


Message History

The gnoll hits you with a +0 whip.
You barely miss the gnoll. The gnoll closely misses you.
You riposte.
You hit the gnoll but do no damage. You hit the gnoll.
The gnoll is moderately wounded.
The gnoll hits you with a +0 whip.
You hit the gnoll.
The gnoll is heavily wounded.
The gnoll hits you but does no damage.
You closely miss the gnoll.
The gnoll is heavily wounded.
The gnoll hits you with a +0 whip.
You hit the gnoll but do no damage.
The gnoll is heavily wounded.
The gnoll completely misses you.
You riposte.
You hit the gnoll but do no damage.
The gnoll is heavily wounded.
The gnoll hits you with a +0 whip.
The gnoll shouts!
As you read the scroll labelled LECAIK SYHITOU, it crumbles to dust.
You hear a loud clanging noise!
It was a scroll of noise.
The gnoll closely misses you.
As you read the scroll labelled FEASAW ACLI, it crumbles to dust.
It is a scroll of amnesia.
You feel forgetful for a moment. The gnoll hits you with a +0 whip.
The gnoll misses you.
You closely miss the gnoll. The gnoll hits you with a +0 spear.
The gnoll misses you.
You riposte.
You completely miss the gnoll.
The gnoll is heavily wounded.
You hit the gnoll but do no damage. The gnoll hits you with a +0 spear.
The gnoll hits you with a +0 whip.
You barely miss the gnoll. The gnoll hits you with a +0 spear.
The gnoll closely misses you. The gnoll hits you with a +0 spear.
* * * LOW HITPOINT WARNING * * *
You hit the gnoll.
The gnoll is lightly wounded.
The gnoll barely misses you.
You riposte.
You slash the gnoll!
You kill the gnoll!
The gnoll hits you with a +0 spear!
You die...

##...#####..##................#
##.#### #.....#####........##
^.....## #.....# ##..........#
..###..####.....###.....(.....#
### ##..##...###..........<...#
# ##..........###..........#
##[.......#### #..........#
####......##.#### ##........##
#.....######..g@#####......##
##.#.### ####.)O# ########
.....# ########.# #.!###
###...O....# #.## #...########
..# #.### ##### #.#
.............#
#####.....##...O.


You could see an ogre and a gnoll.

Vanquished Creatures
  3 adders
  2 gnolls
  A dart slug (D:1)
  11 ball pythons
  4 endoplasms
  3 giant cockroaches
  3 goblins (D:1)
  2 hobgoblins (D:2)
  3 jackals (D:2)
  2 kobolds (D:2)
  2 quokkas
  5 bats
  2 frilled lizards (D:1)
  4 rats
47 creatures vanquished.

Notes
Turn   | Place    | Note
-------+----------+-------------------------------------------
     0 | D:1      | chippings the Mummy Gladiator began the quest for the Orb.
     0 | D:1      | Reached XP level 1. HP: 16/16 MP: 1/1
   351 | D:1      | Reached XP level 2. HP: 22/22 MP: 2/2
   430 | D:1      | Found Qeumi's Weapon Shop.
   614 | D:1      | Found a faded altar of an unknown god.
  1056 | D:2      | Reached XP level 3. HP: 26/28 MP: 3/3
  1390 | D:2      | Found a sacrificial altar of Ru.
  1409 | D:2      | Reached XP level 4. HP: 16/34 MP: 4/4
  1413 | D:2      | Became a worshipper of Ru the Awakened
  2075 | D:2      | Noticed an ogre
  2105 | D:2      | Slain by a gnoll

Illustrated notes

Levels and vault maps discovered:
D:1:      psy_arrival_radial02, layout_basic, serial_shops, shop,
          ebering_ecumenical_altar_sacrificial, palyth_stone_intersect
D:2:      layout_rooms, basic_altar

Skill      XL: |  1  2  3  4 |
---------------+-------------+-----
Long Blades    | 3 |  3.8
Fighting       | 3 |  3.0
Throwing       | |  1.5
Dodging        | |  2.4

Action                   |  1- 3 |  4- 6 || total
-------------------------+-------+-------++-------
Melee: Long sword        |   100 |    29 ||   129
  Use: Scroll            |       |     2 ||     2
 Stab: Sleeping          |     1 |       ||     1
Armor: Leather armour    |    34 |       ||    34
       Ring mail         |       |    14 ||    14
Dodge: Dodged            |    91 |    23 ||   114
       Rpst.: Long sword |    30 |     9 ||    39

Table legend: (Time is in decaauts)
 A = Elapsed time spent in this place.
 B = Non-inter-level travel time spent in this place.
 C = Inter-level travel time spent in this place.
 D = Time resting spent in this place.
 E = Time spent auto-exploring this place.
 F = Levels seen in this place.
 G = Mean time per level.
                   A        B        C        D        E       F      G
               +--------+--------+--------+--------+--------+-----+--------+
         Total |   2136 |   2088 |     48 |    287 |   1312 |   2 | 1068.0 |
       Dungeon |   2136 |   2088 |     48 |    287 |   1312 |   2 | 1068.0 |
               +--------+--------+--------+--------+--------+-----+--------+

Top non-repeatable levels by time:
     D:1: 1320 daAuts
     D:2: 816 daAuts
